Map: Акрополь РВ

Players

MyNameIs - Winner!

  • Race: Terran Terran
  • League: Master
  • Spawn Location: 5:00

Kantara

  • Race: Protoss Protoss
  • League: Diamond
  • Spawn Location: 11:00

VOD

Have the link to the VOD?

Description

Time

  • Played on: Jan. 8, 2021, 3:49 p.m.
  • Length: 6:02
Show
View Real Time Build Order
Export as new Build Order

MyNameIs Terran - Winner!

Build Orders: Banshee Rush 

Get SALT Encoding   

  12  0:00  SCV  
  13  0:12  SCV  
  14  0:19  Supply Depot  
  14  0:25  SCV  
  15  0:40  SCV  
  15  0:41  Barracks  
  16  0:46  Refinery  
  16  0:52  SCV  
  16  0:56  Refinery  
  17  1:04  SCV  
  18  1:17  SCV  
  19  1:31  Orbital Command, Reaper  
  20  1:39  Supply Depot  
  20  1:59  Factory  
  20  2:07  Reaper  
  21  2:15  SCV  
  22  2:27  SCV  
  23  2:39  SCV  
  23  2:43  Factory Tech Lab  
  24  2:45  Starport  
  23  2:51  SCV  
  24  3:05  Cyclone  
  28  3:07  Mag-Field Accelerator  
  27  3:16  Supply Depot  
  27  3:26  Starport Tech Lab  
  27  3:37  Cyclone  
  27  3:38  Command Center  
  30  3:53  Cloaking Field  
  30  4:07  Banshee  
  33  4:13  Hellion  
  33  4:17  Supply Depot x2  
  35  4:40  Cyclone  
  38  4:46  Marine  
  38  4:50  Orbital Command, Banshee  
  43  5:05  Refinery  
  42  5:16  Cyclone  
  42  5:19  SCV  
  46  5:31  SCV  
  46  5:34  Supply Depot  
  50  5:43  SCV  
  50  5:48  Refinery  
Show
View Real Time Build Order
Export as new Build Order

Kantara Protoss 

Build Orders: Dark Templar Rush 

Get SALT Encoding   

  12  0:00  Probe  
  13  0:12  Probe  
  14  0:18  Pylon  
  14  0:24  Probe (Chrono Boost)  
  15  0:37  Probe (Chrono Boost)  
  15  0:41  Gateway  
  16  0:44  Probe (Chrono Boost)  
  16  0:48  Assimilator  
  17  0:51  Probe  
  18  1:03  Probe  
  19  1:12  Gateway  
  19  1:15  Probe  
  20  1:18  Assimilator  
  20  1:25  Pylon  
  20  1:27  Probe  
  21  1:38  Cybernetics Core  
  21  1:39  Probe  
  22  1:46  Pylon  
  22  1:52  Probe  
  23  2:04  Probe  
  24  2:13  Stalker x2 (Chrono Boost)  
  28  2:18  Warp Gate  
  28  2:23  Shield Battery  
  26  2:47  Probe  
  27  2:51  Stalker x2  
  27  2:55  Twilight Council  
  31  3:22  Gateway  
  31  3:36  Dark Shrine  
  30  3:50  Probe  
  30  3:55  Nexus  
  31  4:02  Probe  
  32  4:07  Blink (Chrono Boost)  
  32  4:14  Probe  
  33  4:26  Probe  
  34  4:48  Pylon  
  34  4:50  Pylon  
  34  4:54  Gateway  
  34  4:56  Gateway  
  34  5:01  Pylon  
  34  5:06  Probe  
  35  5:08  Stalker  
  35  5:12  Stalker  
  39  5:18  Probe  
  38  5:30  Probe x2  
  36  5:42  Probe x2  
  36  5:47  Pylon  
  36  5:49  Stalker x2  
Tags
 
Add a new tag
Caveats
  • Supply blocks, unpowered buildings, or Contaminate may cause inaccurate times.
  • Supply counts are checked every 10 seconds.